 Dungeon Crawl Stone Soup version 0.28.0-43-g3370ac3207 (webtiles) character file.

Game seed: 5857256977567800463

7 Ablot the Grasshopper (level 2, -2/26 HPs)
             Began as a Gnoll Warper on Mar 23, 2022.
             Slain by a gnoll
             ... wielding a +0 spear
              (4 damage)
             ... on level 1 of the Dungeon.
             The game lasted 00:00:40 (460 turns).

Ablot the Grasshopper (Gnoll Warper)                 Turns: 460, Time: 00:00:40

Health: -2/26      AC:  3    Str: 10    XL:     2   Next: 0%
Magic:  7/7        EV: 12    Int: 12    God:
Gold:   11         SH:  0    Dex: 11    Spells: 8/10 levels left

rFire   . . .      SeeInvis .   a - +0 spear
rCold   . . .      Faith    .   (no shield)
rNeg    . . .      Spirit   .   b - +0 leather armour
rPois   .          Reflect  .   (no helmet)
rElec   .          Harm     .   (no cloak)
rCorr   .          Rampage  .   (no gloves)
Will    .....                   (no boots)
Stlth   +.........              g - amulet of the acrobat
HPRegen 0.08/turn               (no ring)
MPRegen 0.10/turn               (no ring)

@: no status effects
A: fangs 1, strong nose, distributed training
a: no special abilities


You were on level 1 of the Dungeon.
You visited 1 branch of the dungeon, and saw 1 of its levels.

You collected 11 gold pieces.

Inventory:

Hand Weapons
 a - a +0 spear (weapon)
Missiles
 d - 5 boomerangs of dispersal (quivered)
 e - 30 sling bullets
 j - 4 poisoned darts
Armour
 b - a +0 leather armour (worn)
Jewellery
 g - an amulet of the acrobat (around neck)
Scrolls
 c - a scroll of blinking
 h - a scroll of teleportation {unknown}
 i - 2 scrolls of identify {unknown}
Potions
 f - a potion of might {unknown}
 k - a potion of heal wounds {unknown}
 l - a potion of curing {unknown}


   Skills:
 + Level 4.4 Fighting
 + Level 0.2 Short Blades
 + Level 0.2 Long Blades
 + Level 0.2 Axes
 + Level 0.2 Maces & Flails
 + Level 4.4 Polearms
 + Level 0.2 Staves
 + Level 0.2 Slings
 + Level 0.2 Bows
 + Level 0.2 Crossbows
 + Level 2.4 Throwing
 + Level 2.4 Armour
 + Level 4.4 Dodging
 + Level 0.2 Stealth
 + Level 0.2 Shields
 + Level 0.2 Unarmed Combat
 + Level 4.9 Spellcasting
 + Level 0.1 Conjurations
 + Level 0.1 Hexes
 + Level 0.1 Summonings
 + Level 0.1 Necromancy
 + Level 5.3 Translocations
 + Level 0.1 Transmutations
 + Level 0.1 Fire Magic
 + Level 0.1 Ice Magic
 + Level 0.1 Air Magic
 + Level 0.1 Earth Magic
 + Level 0.1 Poison Magic
 + Level 0.3 Invocations
 + Level 0.2 Evocations


You had 8 spell levels left.
You knew the following spells:

 Your Spells              Type           Power      Damage    Failure   Level
a - Blink                 Tloc           30%        N/A       4%          2

Your spell library contained the following spells:

 Spells                   Type           Power      Damage    Failure   Level
 Gell's Gravitas          Tloc           15%        N/A       9%          3
 Lesser Beckoning         Tloc           15%        N/A       9%          3
 Teleport Other           Tloc           15%        N/A       9%          3
 Manifold Assault         Tloc           15%        N/A       63%         5


Dungeon Overview and Level Annotations

Branches:
Dungeon (1/15)

Altars:


Innate Abilities, Weirdness & Mutations

You have very sharp teeth.
Your uncanny sense of smell can sniff out nearby items.
Your experience applies equally to all skills.


Message History

Press: ? - help, Dir - move target, f/p - gnoll
Aim: a gnoll, wielding a +0 spear (moderately wounded, about 34% to evade your +0 spear)
You reach to attack!
You closely miss the gnoll.
The gnoll is moderately wounded.
The gnoll closely misses you.
Reach: a) +0 spear
Press: ? - help, Dir - move target, f/p - gnoll
Aim: a gnoll, wielding a +0 spear (moderately wounded, about 34% to evade your +0 spear)
You reach to attack!
You hit the gnoll but do no damage.
The gnoll is moderately wounded.
The gnoll hits you from afar with a +0 spear.
* * * LOW HITPOINT WARNING * * *
There is an open door here.
You are too injured to fight recklessly!
Reach: a) +0 spear
Press: ? - help, Dir - move target, f/p - gnoll
Aim: a gnoll, wielding a +0 spear (lightly wounded, about 34% to evade your +0 spear)
You reach to attack!
You hit the gnoll.
The gnoll is moderately wounded.
Unknown command.
Reach: a) +0 spear
Press: ? - help, Dir - move target, f/p - gnoll
Aim: a gnoll, wielding a +0 spear (moderately wounded, about 34% to evade your +0 spear)
You reach to attack!
You hit the gnoll but do no damage.
The gnoll is moderately wounded.
The gnoll hits you from afar with a +0 spear.
* * * LOW HITPOINT WARNING * * *
Reach: a) +0 spear
Press: ? - help, Dir - move target, f/p - gnoll
Aim: a gnoll, wielding a +0 spear (moderately wounded, about 34% to evade your +0 spear)
You reach to attack!
You hit the gnoll but do no damage.
The gnoll is moderately wounded.
The gnoll misses you.
Reach: a) +0 spear
Press: ? - help, Dir - move target, f/p - gnoll
Aim: a gnoll, wielding a +0 spear (moderately wounded, about 34% to evade your +0 spear)
You reach to attack!
You hit the gnoll but do no damage.
The gnoll is moderately wounded.
The gnoll hits you from afar with a +0 spear.
You die...

#.#.###.###.# #.#.# #.#
#.# #.#.# #.# #.##♣#♣#
#....##.# #.##.♣.##
#..#.?..# #.#P#<#P#
#....#.## #.##P.P##
#.#.#.#g###.#P♣.♣P#
#...g###.##.#♣...♣# ...#
##...#...@.#
##...###.####.≈8≈.# # ##
#.#.#####.≈≈g.# .#
#.####.#.≈#≈.###.# #.#
#..#+###'#...#### #g#
#.... #.......... #.#
#.#.# #.#.########
#.##.###.#.# #.#.........
#........#.###.#..########


You could see a gnoll.

Vanquished Creatures
  A giant cockroach (D:1)
  2 goblins (D:1)
  A quokka (D:1)
  A frilled lizard (D:1)
  A kobold (D:1)
6 creatures vanquished.

Notes
Turn   | Place    | Note
-------+----------+-------------------------------------------
     0 | D:1      | Ablot the Gnoll Warper began the quest for the Orb.
     0 | D:1      | Reached XP level 1. HP: 20/20 MP: 6/6
   138 | D:1      | Found a faded altar of an unknown god.
   384 | D:1      | Reached XP level 2. HP: 26/26 MP: 7/7
   387 | D:1      | Learned a level 2 spell: Blink
   458 | D:1      | HP: 1/26 [gnoll/+0 spear (4)]
   460 | D:1      | Slain by a gnoll

Illustrated notes

Levels and vault maps discovered:
D:1:      tarquinn_simple_flora_water_d, layout_loops_ring, serial_shops, shop,
          hellmonk_ecumenical_altar_run_dry, minmay_misc_feat_rugged

Action                   || total
-------------------------++-------
Melee: Spear             ||    57
       Bite              ||     5
       Punch             ||     1
 Stab: Sleeping          ||     1
Armor: Leather armour    ||     6
Dodge: Dodged            ||    31
